 Dungeon Crawl Stone Soup version 0.23.2-33-g5129a83184 (webtiles) character file.

Game seed: 16688145619244628376

35 psyvane the Conjurer (level 3, -6/21 HPs)
             Began as an Octopode Air Elementalist on July 21, 2019.
             Killed from afar by Sigmund (11 damage)
             ... with a puff of flame
             ... on level 2 of the Dungeon.
             The game lasted 00:05:12 (1518 turns).

psyvane the Conjurer (Octopode Air Elementalist)    Turns: 1518, Time: 00:05:13

Health: -6/21      AC:  1    Str:  7    XL:     3   Next: 33%
Magic:  4/6        EV: 13    Int: 17    God:
Gold:   43         SH:  0    Dex: 13    Spells: 0/6 levels left

rFire    . . .     SeeInvis .   g - +0 dagger
rCold    . . .     Gourm    .   (no shield)
rNeg     . . .     Faith    .   (helmet restricted)
rPois    .         Spirit   .   (no amulet)
rElec    .         Reflect  .   (no ring)
rCorr    .         Harm     .   (no ring)
MR       .....                  (no ring)
Stlth    ++........             (no ring)
HPRegen  0.07/turn              (no ring)
MPRegen  0.10/turn              (no ring)
                                (no ring)
                                (no ring)

@: confused
A: almost no armour, stealthy swim, amphibious, 8 rings, constrict 8, camouflage
1, gelatinous body 1
a: no special abilities


You were on level 2 of the Dungeon.
You were not hungry.

You visited 1 branch of the dungeon, and saw 2 of its levels.

You collected 43 gold pieces.

Inventory:

Hand Weapons
 g - a +0 dagger (weapon)
Scrolls
 f - a scroll of teleportation
 i - a scroll of remove curse {unknown}
 m - a scroll of fear {unknown}
Potions
 a - 2 potions of curing {unknown}
 d - a potion of haste {unknown}
 e - a potion of degeneration {unknown}
 h - a potion of lignification {unknown}
 j - a potion of flight {unknown}
 k - a potion of might {unknown}
 l - a potion of mutation {unknown}
Comestibles
 b - 4 rations
 c - 6 chunks of flesh


   Skills:
 - Level 2.0 Dodging
 - Level 2.6 Stealth
 - Level 2.0 Spellcasting
 * Level 3.1 Conjurations
 - Level 3.0 Air Magic


You couldn't memorise any spells.
You knew the following spells:

 Your Spells              Type           Power        Failure   Level  Hunger
a - Shock                 Conj/Air       ##..         5%          1    #......
b - Swiftness             Chrm/Air       #.......     16%         2    ###....
c - Static Discharge      Conj/Air       ##......     16%         3    ###....

Your spell library contained the following spells:

 Spells                   Type           Power        Failure   Level  Hunger
 Animate Skeleton         Necr           N/A          19%         1    #......
 Apportation              Tloc           #.....       19%         1    #......
 Confusing Touch          Hex            #.....       19%         1    #......
 Summon Small Mammal      Summ           #...         19%         1    #......
 Airstrike                Air            ##........   50%         4    #####..
 Lightning Bolt           Conj/Air       ##........   83%         5    ######.


Dungeon Overview and Level Annotations

Branches:
Dungeon (2/15)

Altars:
Cheibriados

Annotations:
D:2 Sigmund


Innate Abilities, Weirdness & Mutations

You cannot wear most types of armour.
You are very stealthy in the water. (Stealth+)
You are amphibious.
You can wear up to eight rings at the same time.
You can use your tentacles to constrict eight enemies at once.
Your skin changes colour to match your surroundings (Stealth+).
Your rubbery body absorbs attacks. (AC +1, EV +1)


Message History

Casting: Shock (safe; 5% risk of failure)
Confirm with . or Enter, or press ? or * to list all spells.
Aiming: Shock (safe; 5% risk of failure)
Press: ? - help, Shift-Dir - straight line, f/p - Sigmund
Aim: Sigmund, wielding a +1 scythe of flaming, wearing a +0 robe and carrying a wand of flame (27) (lightly wounded)
The zap hits Sigmund but does no damage.
Sigmund is lightly wounded.
Sigmund gestures at you while chanting.
You are confused.
You're too confused to cast spells.
Sorry, you're not good enough to have a special ability.
Unknown command.
You bump into the rock wall.
Sigmund zaps a wand.
The puff of flame hits you!
You're too confused to move!
Sigmund zaps a wand.
The puff of flame hits you!
* * * LOW HITPOINT WARNING * * *
Sigmund gestures at you while chanting. The puff of flame hits you!
Ouch! That really hurt!
You die...

#. #.........#.####
#. ##.......##+###
#..#..............
#@......รท..........
#.##.......#.......
#...#..........#+##
##.##...##.#.###
#.##...##.#.#
#@##......# #
#.##....###.# ..[
#...........# #...
####..#########..
#............##..
#.###..#####.##.#
#.# #..# #...#.#
#.###..####..##.##
#........(#.......


You could see Sigmund.

Vanquished Creatures
  A dart slug (D:1)
  A leopard gecko (D:1)
  2 giant cockroaches
  4 goblins
  6 hobgoblins
  7 bats
  3 frilled lizards (D:1)
  5 kobolds
  2 rats (D:1)
31 creatures vanquished.

Notes
Turn   | Place    | Note
-------+----------+-------------------------------------------
     0 | D:1      | psyvane the Octopode Air Elementalist began the quest for
                  | the Orb.
     0 | D:1      | Reached XP level 1. HP: 11/11 MP: 3/3
   284 | D:1      | Reached XP level 2. HP: 17/17 MP: 1/5
   288 | D:1      | Learned a level 2 spell: Swiftness
   402 | D:1      | Found a snail-covered altar of Cheibriados.
   871 | D:1      | Reached XP level 3. HP: 21/21 MP: 4/6
  1139 | D:2      | Learned a level 3 spell: Static Discharge
  1511 | D:2      | Noticed Sigmund
  1518 | D:2      | Killed from afar by Sigmund

Skill      XL: |  1  2  3 |
---------------+----------+-----
Conjurations   | 2 3 |  3.1
Dodging        | |  2.0
Stealth        | |  2.6
Spellcasting   | |  2.0
Air Magic      | |  3.0

Action                   || total
-------------------------++-------
Melee: Unarmed           ||    25
       Constrict         ||     8
       Tentacles         ||     6
       Dagger            ||     7
 Cast: Shock             ||    51
  Use: Scroll            ||     1
  Eat: Chunk             ||     3
Armor: Skin              ||    12
Dodge: Dodged            ||    36
